 Dungeon Crawl Stone Soup version 0.31.0-11-ge490571c62 (webtiles) character file.

Game seed: 962102395109684360

63 qw the Shooter (level 3, -2/20 HPs)
             Began as a Deep Elf Hunter on Feb 4, 2024.
             Slain by an orc
             ... wielding a +0 club
              (3 damage)
             ... on level 2 of the Dungeon.
             The game lasted 00:00:04 (1192 turns).

qw the Shooter (Deep Elf Hunter)                    Turns: 1192, Time: 00:00:05

Health: -2/20      AC:  6    Str: 10    XL:     3   Next: 89%
Magic:  5/5        EV:  9    Int: 13    God:
Gold:   92         SH:  0    Dex: 18    Spells: 2/2 levels left

rFire   . . .        a - +0 shortbow
rCold   . . .        (shield currently unavailable)
rNeg    . . .        b - +0 scale mail
rPois   .            (no helmet)
rElec   .            (no cloak)
rCorr   .            (no gloves)
SInv    .            (no boots)
Will    .....        (no amulet)
Stlth   +            (no ring)
HPRegen 0.23/turn    (no ring)
MPRegen 0.09/turn

%: no passive effects
@: no status effects
A: no striking features
a: no special abilities


You were on level 2 of the Dungeon.
You visited 1 branch of the dungeon, and saw 3 of its levels.

You collected 92 gold pieces.


   Skills:
 - Level 1.5 Fighting
 + Level 7.3 Ranged Weapons
 - Level 2.4 Dodging
 - Level 1.2 Stealth


You had 2 spell levels left.
You didn't know any spells.
Your spell library was empty.

Inventory:

Hand Weapons
 a - a +0 shortbow (weapon)
Armour
 b - a +0 scale mail (worn)
Potions
 e - a potion of enlightenment {unknown}
 f - a potion of heal wounds {unknown}
 h - a potion of cancellation {unknown}

Dungeon Overview and Level Annotations

Branches:
Dungeon (3/15)

Altars:
Trog


Message History

The ribbon worm bites you but does no damage.
You climb upwards.
There is a stone staircase leading down here.
You shoot an arrow. The arrow hits the ribbon worm.
The ribbon worm is lightly wounded.
The orc barely misses you. The ribbon worm bites you.
You shoot an arrow. The arrow hits the ribbon worm.
The ribbon worm is moderately wounded.
The orc hits you with a +0 club. The ribbon worm bites you.
The orc hits you but does no damage.
You shoot an arrow.
The arrow hits the ribbon worm but does no damage.
The ribbon worm is lightly wounded.
The ribbon worm expels a string of sticky webbing.
The stream of webbing hits you but does no damage.
You are caught in a web!
The orc hits you but does no damage. The orc completely misses you.
The ribbon worm barely misses you.
You shoot an arrow.
The arrow barely misses the ribbon worm.
The orc hits you but does no damage. The ribbon worm closely misses you.
You shoot an arrow. The arrow hits the ribbon worm.
The ribbon worm is lightly wounded.
The orc hits you but does no damage.
The ribbon worm bites you but does no damage.
The orc hits you but does no damage.
You shoot an arrow. The arrow hits the ribbon worm.
The ribbon worm is moderately wounded.
The orc hits you with a +0 club. The ribbon worm barely misses you.
You shoot an arrow. The arrow hits the ribbon worm!
The ribbon worm is severely wounded.
The orc hits you with a +0 club.
The ribbon worm bites you but does no damage.
You shoot an arrow. The arrow hits the ribbon worm.
The ribbon worm is almost dead.
The orc barely misses you.
The ribbon worm expels a string of sticky webbing.
The stream of webbing hits you but does no damage.
You are caught in a web!
The orc hits you with a +0 club. The ribbon worm closely misses you.
The orc hits you with a +0 club.
You die...

##.#............###..#..
#..##........#### ##.#.#
#.###........# #...#
#####.#######...#### ##...
#....>.# #.#....######.#.
#......# #.####..##....#.
#......######.....#....#####
#.........o######.#.........
#......###w@..###...########
#......# ####..............#
#......# ###.......####..
######## ###..#####.# ####
#...## #[###... ##.###
#....... #..# ###..... #.##
#..... ####.# #.....


You could see a ribbon worm (catching breath) and an orc.

Vanquished Creatures
  2 adders (D:2)
  A ribbon worm (D:2)
  A ball python (D:2)
  3 bats
  2 endoplasms
  A giant cockroach (D:1)
  5 goblins
  6 hobgoblins
  2 jackals (D:1)
  7 kobolds
  2 quokkas
  3 frilled lizards (D:1)
  A rat (D:1)
36 creatures vanquished.

Notes
Turn   | Place    | Note
-------+----------+-------------------------------------------
     0 | D:1      | qw the Deep Elf Hunter began the quest for the Orb.
     0 | D:1      | Reached XP level 1. HP: 12/12 MP: 3/3
     0 | D:1      | 0 ||| qw: Version: 0.3-a-160-g6735b56
     0 | D:1      | 0 ||| qw: Game counter: 5379
     0 | D:1      | 0 ||| qw: Melee chars always use a shield: true
     0 | D:1      | 0 ||| qw: God list: Okawaru
     0 | D:1      | 0 ||| qw: Allow faded altars: false
     0 | D:1      | 0 ||| qw: Do Orc after clearing Dungeon:15 true
     0 | D:1      | 0 ||| qw: Do second Lair branch before Depths: true
     0 | D:1      | 0 ||| qw: Lair rune preference: random
     0 | D:1      | 0 ||| qw: Goals: Normal
     0 | D:1      | 0 ||| PLANNING D:1-11
   119 | D:1      | Reached XP level 2. HP: 16/16 MP: 4/4
   121 | D:1      | Reached skill level 6 in Ranged Weapons
   528 | D:1      | 528 ||| READING scroll labelled XORASMO XEUNYE.
   529 | D:1      | 529 ||| READING scroll labelled NUUDOL ZAIREABB.
   530 | D:1      | 530 ||| DROPPING scroll of butterflies.
   609 | D:2      | Reached XP level 3. HP: 20/20 MP: 5/5
   722 | D:2      | Found a bloodstained altar of Trog.
   739 | D:2      | Reached skill level 7 in Ranged Weapons
  1145 | D:2      | 1145 ||| UPGRADING to +0 scale mail.
  1155 | D:2      | 1155 ||| DROPPING +0 leather armour.
  1156 | D:2      | 1156 ||| READING scroll labelled YXIZOI CYLYPP.
  1156 | D:2      | 1156 ||| IDENTIFYING inky potion
  1157 | D:2      | 1157 ||| DROPPING potion of brilliance.
  1181 | D:3      | 1181 ||| STAIRDANCE
  1184 | D:2      | HP: 4/20 [ribbon worm (6)]
  1189 | D:2      | HP: 3/20 [orc/+0 club (2)]
  1191 | D:2      | HP: 1/20 [orc/+0 club (2)]
  1192 | D:2      | Slain by an orc

Levels and vault maps discovered:
D:1:      lightli_arrival_quake, layout_rooms, serial_bayou_crossing
D:2:      layout_rooms, basic_altar
D:3:      layout_loops_cross, marbit_many_paths, grunt_decor_fettered

Skill      XL: |  1  2  3 |
---------------+----------+-----
Ranged Weapons | 6 7 |  7.3
Fighting       | |  1.5
Dodging        | |  2.4
Stealth        | |  1.2

Action                     || total
---------------------------++-------
   Fire: Shortbow          ||   121
    Use: Scroll            ||     3
 Armour: Leather armour    ||    23
         Scale mail        ||    20
  Dodge: Dodged            ||    39

Table legend:
 A = Non-vault XP
 B = Vault XP
 C = Vault XP percentage of total XP
 D = Non-vault monster count
 E = Vault monster count
 F = Vault count percentage of total count
                 A         B        C        D         E       F
            +---------+---------+-------+---------+---------+-------
      Total |      91 |       0 |   0.0 |      36 |       0 |   0.0
            +---------+---------+-------+---------+---------+-------
        D:1 |      31 |       0 |   0.0 |      18 |       0 |   0.0
        D:2 |      60 |       0 |   0.0 |      18 |       0 |   0.0
            +---------+---------+-------+---------+---------+-------
